 Dungeon Crawl Stone Soup version 0.27-a0-1105-g946c659c87 (webtiles) character file.

Game seed: 17875062532209904512

131 flotson the Covert (level 5, -1/46 (47) HPs)
             Began as a Gnoll Delver on Apr 29, 2021.
             Slain by Crazy Yiuf
             ... wielding a +4 quarterstaff of chaos
              (2 damage)
             ... on level 2 of the Dungeon.
             The game lasted 00:04:51 (2352 turns).

flotson the Covert (Gnoll Delver)                   Turns: 2352, Time: 00:04:52

HP:   -1/46 (47)    AC:  8    Str: 13    XL:     5   Next: 14%
MP:   7/7           EV: 10    Int:  9    God:
Gold: 139           SH:  0    Dex: 13    Spells: 6/6 levels left

rFire    + . .     SeeInvis .   a - +0 quarterstaff
rCold    + . .     Faith    .   (shield currently unavailable)
rNeg     . . .     Spirit   .   f - +0 scale mail
rPois    .         Reflect  .   (no helmet)
rElec    .         Harm     .   (no cloak)
rCorr    .         Rampage  .   (no gloves)
Will     .....                  (no boots)
Stlth    +++.......             (no amulet)
HPRegen  0.15/turn              j - ring of protection from fire
MPRegen  0.10/turn              (no ring)

@: lethally poisoned (-1 -> -17), hasted, lightly drained, very quick
A: fangs 1, strong nose, distributed training, iridescent scales 1, cold
resistance 1
a: no special abilities


You were on level 2 of the Dungeon.
You visited 1 branch of the dungeon, and saw 5 of its levels.

You collected 139 gold pieces.

Inventory:

Hand Weapons
 a - a +0 quarterstaff (weapon)
 b - a +0 hunting sling
 d - a +0 spear
Missiles
 i - 12 sling bullets
Armour
 f - a +0 scale mail (worn)
Jewellery
 j - a ring of protection from fire (left hand)
Wands
 g - a wand of digging (3)
Scrolls
 c - 2 scrolls of fog
 e - a scroll of fear
 h - 6 scrolls of identify {unknown}
 l - a scroll of vulnerability {unknown}
Potions
 k - a potion of haste


   Skills:
 + Level 6.6 Fighting
 + Level 1.4 Short Blades
 + Level 1.4 Long Blades
 + Level 1.4 Axes
 + Level 1.4 Maces & Flails
 + Level 4.7 Polearms
 + Level 1.4 Staves
 + Level 1.4 Slings
 + Level 1.4 Bows
 + Level 1.4 Crossbows
 + Level 1.4 Throwing
 + Level 1.4 Armour
 + Level 4.7 Dodging
 + Level 9.6 Stealth
 + Level 1.4 Shields
 + Level 1.4 Unarmed Combat
 + Level 1.4 Spellcasting
 + Level 1.1 Conjurations
 + Level 1.1 Hexes
 + Level 1.1 Summonings
 + Level 1.1 Necromancy
 + Level 1.1 Translocations
 + Level 1.1 Transmutations
 + Level 1.1 Fire Magic
 + Level 1.1 Ice Magic
 + Level 1.1 Air Magic
 + Level 1.1 Earth Magic
 + Level 1.1 Poison Magic
 + Level 1.5 Invocations
 + Level 1.4 Evocations


You had 6 spell levels left.
You didn't know any spells.
Your spell library contained the following spells:

 Spells                   Type           Power      Damage    Failure   Level
 Summon Small Mammal      Summ           8%         N/A       71%         1
 Call Imp                 Summ           2%         N/A       85%         2
 Call Canine Familiar     Summ           2%         N/A       97%         3
 Summon Guardian Golem    Hex/Summ       2%         N/A       97%         3
 Summon Ice Beast         Ice/Summ       2%         N/A       100%        4
 Summon Lightning Spire   Summ/Air       2%         N/A       100%        4


Dungeon Overview and Level Annotations

Branches:
Dungeon (5/15)
 Temple: D:4-7

Altars:
Kikubaaqudgha
Wu Jian
Yredelemnul

Shops:
D:2 (=(

Annotations:
D:2 Crazy Yiuf


Innate Abilities, Weirdness & Mutations

You have very sharp teeth.
Your uncanny sense of smell can sniff out nearby items.
Your experience applies equally to all skills.
You are partially covered in iridescent scales. (AC +2)
Your flesh is cold resistant. (rC+)


Message History

i - 10 sling bullets (gained 1)
i - 11 sling bullets (gained 1)
i - 12 sling bullets (gained 1)
There is an entrance to Ybirphojen's Weapon Shoppe here.
Found a mace.
Found a runed translucent door.
Crazy Yiuf shouts!
Crazy Yiuf says, "Whippet!
Powder alas disdain."
a - a +0 quarterstaff (weapon)
You open the door.
Crazy Yiuf hits you with a +4 quarterstaff of chaos!
You feel yourself speed up.
You hit Crazy Yiuf but do no damage. You sock Crazy Yiuf!
Crazy Yiuf is heavily wounded.
Crazy Yiuf waves his quarterstaff at you.
Crazy Yiuf hits you with a +4 quarterstaff of chaos!
Crazy Yiuf burns you.
You hit Crazy Yiuf but do no damage. You bite Crazy Yiuf, but do no damage.
Crazy Yiuf is heavily wounded.
Crazy Yiuf says, "Hack snail wrapper!"
Crazy Yiuf hits you with a +4 quarterstaff of chaos!
* * * LOW HITPOINT WARNING * * *
You completely miss Crazy Yiuf.
Crazy Yiuf is heavily wounded.
Crazy Yiuf hits you but does no damage.
You feel drained.
You hit Crazy Yiuf.
Crazy Yiuf is heavily wounded.
You barely miss Crazy Yiuf.
Crazy Yiuf is heavily wounded.
Crazy Yiuf screams, "Seed!"
Crazy Yiuf hits you with a +4 quarterstaff of chaos!
* * * LOW HITPOINT WARNING * * *
You are lethally poisoned!
It was a potion of mutation.
You feel extremely strange.
You feel resistant to cold.
Iridescent scales grow over part of your body.
* * * LOW HITPOINT WARNING * * *
You feel very sick.
Crazy Yiuf hits you with a +4 quarterstaff of chaos.
You die...

#.#.#.#######....####..##.##.###
#.#...# ##..## #........# #
#.###.# ♣....♣ #####)#### #
#.###.# ♣...♣♣ #.# # #.....#
♣♣.♣♣ #.###### #####.# ♣.♣♣
#.#..... #..# ♣♣.♣ ∆ #.......
#.## ♣.♣♣ ###..... #.# ♣♣@♣
###### #.# #g# # #.# ... # #.#
#...# # ####.### #..)# ###
#......# ##### #.. #.##.#.###
#.# # #.#<..# #.# #..###.# ##..


You could see Crazy Yiuf.

Vanquished Creatures
  Natasha (twice) (D:2)
  2 adders (D:2)
  A worm (D:2)
  2 dart slugs
  4 bats
  4 endoplasms
  4 goblins
  3 hobgoblins
  13 jackals
  4 kobolds
  2 quokkas
  6 ball pythons
  5 rats
52 creatures vanquished.

Notes
Turn   | Place    | Note
-------+----------+-------------------------------------------
     0 | D:5      | Reached skill level 9 in Stealth
     0 | D:5      | flotson the Gnoll Delver began the quest for the Orb.
     0 | D:5      | Reached XP level 1. HP: 23/23 MP: 1/1
     8 | D:5      | Found an ornate altar of the Wu Jian Council.
    15 | D:5      | Found an ancient bone altar of Kikubaaqudgha.
    16 | D:5      | Noticed a centaur
   119 | D:5      | Noticed an iguana
   122 | D:5      | Noticed an iguana
   131 | D:5      | Found a basalt altar of Yredelemnul.
   140 | D:5      | Noticed an ogre
   169 | D:4      | Noticed a black bear
   233 | D:2      | Reached XP level 2. HP: 29/29 MP: 2/2
   596 | D:2      | Noticed Natasha
   605 | D:2      | Noticed a crimson imp
   609 | D:2      | Reached XP level 3. HP: 30/35 MP: 3/3
   626 | D:2      | Killed Natasha
   627 | D:2      | Reached skill level 1 in Short Blades
   627 | D:2      | Reached skill level 1 in Long Blades
   627 | D:2      | Reached skill level 1 in Axes
   627 | D:2      | Reached skill level 1 in Maces & Flails
   627 | D:2      | Reached skill level 1 in Staves
   627 | D:2      | Reached skill level 1 in Slings
   627 | D:2      | Reached skill level 1 in Bows
   627 | D:2      | Reached skill level 1 in Crossbows
   627 | D:2      | Reached skill level 1 in Throwing
   627 | D:2      | Reached skill level 1 in Armour
   627 | D:2      | Reached skill level 1 in Shields
   627 | D:2      | Reached skill level 1 in Unarmed Combat
   627 | D:2      | Reached skill level 1 in Spellcasting
   627 | D:2      | Reached skill level 1 in Invocations
   627 | D:2      | Reached skill level 1 in Evocations
   735 | D:2      | Reached XP level 4. HP: 22/41 MP: 5/5
   878 | D:2      | Found Ybirphojen's Weapon Shoppe.
  1506 | D:1      | Found a faded altar of an unknown god.
  1567 | D:1      | Reached skill level 1 in Conjurations
  1567 | D:1      | Reached skill level 1 in Hexes
  1567 | D:1      | Reached skill level 1 in Summonings
  1567 | D:1      | Reached skill level 1 in Necromancy
  1567 | D:1      | Reached skill level 1 in Translocations
  1567 | D:1      | Reached skill level 1 in Transmutations
  1567 | D:1      | Reached skill level 1 in Fire Magic
  1567 | D:1      | Reached skill level 1 in Ice Magic
  1567 | D:1      | Reached skill level 1 in Air Magic
  1567 | D:1      | Reached skill level 1 in Earth Magic
  1567 | D:1      | Reached skill level 1 in Poison Magic
  1903 | D:2      | Found Faarr's Weapon Shoppe.
  2047 | D:2      | Found Tohied's Jewellery Emporium.
  2222 | D:2      | Noticed Natasha
  2227 | D:2      | Killed Natasha
  2228 | D:2      | Reached XP level 5. HP: 47/47 MP: 5/7
  2340 | D:2      | Found a runed translucent door.
  2341 | D:2      | Noticed Crazy Yiuf
  2352 | D:2      | Gained mutation: Your flesh is cold resistant. (rC+)
                  | [potion of mutation]
  2352 | D:2      | Gained mutation: You are partially covered in iridescent
                  | scales. (AC +2) [potion of mutation]
  2352 | D:2      | HP: 1/46 [poisoned by Crazy Yiuf]
  2352 | D:2      | Slain by Crazy Yiuf

Illustrated notes

Levels and vault maps discovered:
D:1:      tarquinn_simple_flora_water_b, layout_loops_ring,
          shapermc_ecumenical_altar_starsandcircs
D:2:      layout_loops_cross, serial_shops, shop, nicolae_shop_stone, shop,
          corexii_leaking_fountain, uniq_crazy_yiuf_cottage, uniq_natasha
D:3:      layout_loops_ring, lemuel_tele_altar, uniq_grinder, uniq_terence
D:4:      layout_basic
D:5:      layout_cave_pools, nicolae_overflow_hidden_temple, fedhas_altar_2,
          marbit_many_paths, nicolae_wu_jian_wuxing_cycle,
          nicolae_kikubaaqudgha_miasma_corner, nrook_mini_backslash,
          grunt_decor_mini_mirrors, wad_rectangle_vault

Skill      XL: |  1  2  3  4 |
---------------+-------------+-----
Stealth        | |  9.6
Short Blades   | 1 |  1.4
Long Blades    | 1 |  1.4
Axes           | 1 |  1.4
Maces & Flails | 1 |  1.4
Staves         | 1 |  1.4
Slings         | 1 |  1.4
Bows           | 1 |  1.4
Crossbows      | 1 |  1.4
Throwing       | 1 |  1.4
Armour         | 1 |  1.4
Shields        | 1 |  1.4
Unarmed Combat | 1 |  1.4
Spellcasting   | 1 |  1.4
Invocations    | 1 |  1.5
Evocations     | 1 |  1.4
Conjurations   | 1 |  1.1
Hexes          | 1 |  1.1
Summonings     | 1 |  1.1
Necromancy     | 1 |  1.1
Translocations | 1 |  1.1
Transmutations | 1 |  1.1
Fire Magic     | 1 |  1.1
Ice Magic      | 1 |  1.1
Air Magic      | 1 |  1.1
Earth Magic    | 1 |  1.1
Poison Magic   | 1 |  1.1
Fighting       | |  6.6
Polearms       | |  4.7
Dodging        | |  4.7

Action                   |  1- 3 |  4- 6 || total
-------------------------+-------+-------++-------
Melee: Spear             |    77 |    22 ||    99
       Bite              |     5 |     3 ||     8
       Quarterstaff      |       |     9 ||     9
 Fire: Hunting sling     |       |    91 ||    91
  Use: Scroll            |     2 |       ||     2
       Potion            |     3 |     1 ||     4
 Stab: Sleeping          |     6 |     1 ||     7
Armor: Leather armour    |     8 |     3 ||    11
       Scale mail        |       |    20 ||    20
Dodge: Dodged            |    39 |    35 ||    74

Table legend: (Time is in decaauts)
 A = Elapsed time spent in this place.
 B = Non-inter-level travel time spent in this place.
 C = Inter-level travel time spent in this place.
 D = Time resting spent in this place.
 E = Time spent auto-exploring this place.
 F = Levels seen in this place.
 G = Mean time per level.
                   A        B        C        D        E       F      G
               +--------+--------+--------+--------+--------+-----+--------+
         Total |   2343 |   2297 |     46 |      0 |   1851 |   5 |  468.6 |
       Dungeon |   2343 |   2297 |     46 |      0 |   1851 |   5 |  468.6 |
               +--------+--------+--------+--------+--------+-----+--------+

Top non-repeatable levels by time:
     D:2: 1335 daAuts
     D:1: 825 daAuts
     D:5: 155 daAuts
     D:4: 13 daAuts
     D:3: 13 daAuts
